 Dungeon Crawl Stone Soup version 0.21.1-1-g345015fe64 (webtiles) character file.

1592 Gargoyl the Schismatic (level 8, 0/71 HPs)
             Began as a Centaur Abyssal Knight on June 19, 2018.
             Was an Elder of Lugonu.
             Succumbed to a gnoll's poison
             ... on level 4 of the Dungeon.
             The game lasted 00:09:36 (5232 turns).

Gargoyl the Schismatic (Centaur Abyssal Knight)     Turns: 5232, Time: 00:09:37

Health: 0/71       AC: 16    Str: 14 (16) XL:     8   Next: 61%
Magic:  13/13      EV:  7    Int:  8 (11) God:    Lugonu [****..]
Gold:   285        SH:  0    Dex:  7 (10) Spells: 7/7 levels left

rFire    . . .     SeeInvis +   a - +2 hand axe
rCold    . . .     Gourm    .   (no shield)
rNeg     . . .     Faith    .   e - +1 ring mail
rPois    .         Spirit   .   h - +0 helmet
rElec    .         Reflect  .   (no cloak)
rCorr    .         Harm     .   (no gloves)
MR       .....                  q - +2 centaur barding {Fly}
Stlth    ..........             (no amulet)
HPRegen  0.21/turn              p - ring of see invisible
MPRegen  0.13/turn              (no ring)

@: lethally poisoned (0 -> -10), flying, hasted, very quick
A: large, hooves 3, deformed body, speed 2, tough skin 3
a: Depart the Abyss, Bend Space, Banish, Corrupt, Renounce Religion, Stop Flying


You were on level 4 of the Dungeon.
You worshipped Lugonu.
Lugonu was greatly pleased with you.
You were not hungry.

You visited 1 branch of the dungeon, and saw 5 of its levels.
You visited the Abyss 1 time.

You collected 285 gold pieces.

Inventory:

Hand Weapons
 a - a +2 hand axe (weapon)
Armour
 e - a +1 ring mail (worn)
 h - a +0 helmet (worn)
 q - a +2 centaur barding of flying (worn)
Jewellery
 p - a ring of see invisible (left hand)
Wands
 k - a wand of acid (3)
 r - a wand of random effects (29)
Scrolls
 b - a scroll of fog {unknown}
 d - 3 scrolls of identify
 o - a scroll of remove curse
Potions
 g - a potion of magic
 i - a potion of degeneration
 m - a potion of agility
Comestibles
 c - 9 rations


   Skills:
 + Level 6.4 Fighting
 + Level 5.7 Axes
 + Level 4.2 Throwing
 * Level 5.8 Armour
 + Level 3.4 Dodging
 * Level 7.6 Invocations
 + Level 3.4 Evocations


You had 7 spell levels left.
You didn't know any spells.

Dungeon Overview and Level Annotations

Branches:
Dungeon (5/15)             Temple (0/1) D:5

Altars:
Elyvilon
Ru


Innate Abilities, Weirdness & Mutations

You have hooves in place of feet.
Armour fits poorly on your strangely shaped body.
You cover ground very quickly.
You have extremely tough skin. (AC +3)


Message History

a halberd of venom; a gnoll corpse Unknown command.
Unknown command.
Unknown command.
Unknown command.
Unknown command.
Unknown command.
Unknown command.
Unknown command.
Unknown command.
Unknown command.
Unknown command.
* * * LOW HITPOINT WARNING * * *
You feel sick.
Things that are here:
a flail; a gnoll corpse
* * * LOW HITPOINT WARNING * * *
You feel sick.
You see here a spear.
You die...

#..##...########## #g##......#
##.##<)..........# #.##......#
###..#...########(####.##......#
#........# #.#....##......#
#......+##### #.#.#####......#
#......+#...#####.#.# #......#
#...........+.....#)# ########
####.......[####..#)#
#........+.#@.)).#
#........#.#.#.####
#........#.#.#.#...####
#...>..#.#.#.#.#...>..#######
#.####.#...#.#.#......##....#
#.# #....##.#.#......#.....#
#.#######.##.#........'..##'#
#.....# #.##.######...#.##...
#####.###[.....#........##...


There were no monsters in sight!

Vanquished Creatures
  An orc warrior (D:4)
  A sky beast (D:5)
  A small abomination (Abyss:1)
  3 hounds
  An orc wizard (D:4)
  5 gnoll shamans (D:4)
  2 worker ants
  Robin (D:4)
  21 gnolls
  4 adders
  An ooze (D:1)
  2 worms (D:2)
  6 dart slugs
  2 leopard geckos
  6 orcs
  5 giant cockroaches
  14 hobgoblins
  28 jackals
  9 kobolds
  8 bats
  5 frilled lizards
  14 goblins
  7 rats
147 creatures vanquished.

Notes
Turn   | Place    | Note
-------+----------+-------------------------------------------
     0 | Abyss:1  | Gargoyl the Centaur Abyssal Knight began the quest for the Orb.
     0 | Abyss:1  | Reached XP level 1. HP: 19/19 MP: 2/2
    78 | Abyss:1  | Noticed a small abomination
   135 | Abyss:1  | Killed a small abomination
   135 | Abyss:1  | Reached XP level 2. HP: 27/27 MP: 3/3
   135 | Abyss:1  | Reached XP level 3. HP: 33/33 MP: 4/4
   153 | Abyss:1  | Noticed a starcursed mass
   178 | D:1      | Escaped the Abyss
   345 | D:1      | Reached * piety under Lugonu
   402 | D:1      | Reached XP level 4. HP: 6/40 MP: 5/5
  1682 | D:2      | Reached XP level 5. HP: 42/46 MP: 6/6
  1723 | D:2      | Reached ** piety under Lugonu
  2599 | D:4      | Reached skill level 1 in Dodging
  2830 | D:4      | Noticed an ogre
  2850 | D:5      | Entered Level 5 of the Dungeon
  2861 | D:5      | Noticed a sky beast
  2879 | D:5      | Killed a sky beast
  2879 | D:5      | Reached skill level 3 in Invocations
  2879 | D:5      | Reached XP level 6. HP: 13/53 MP: 8/8
  3155 | D:5      | Found a white marble altar of Elyvilon.
  3184 | D:5      | Found a staircase to the Ecumenical Temple.
  3191 | D:5      | Identified a scroll of acquirement
  3230 | D:4      | Found a sacrificial altar of Ru.
  3558 | D:4      | Reached XP level 7. HP: 15/60 MP: 9/9
  4033 | D:4      | Reached *** piety under Lugonu
  4417 | D:4      | Reached skill level 5 in Axes
  4417 | D:4      | Reached skill level 5 in Armour
  4417 | D:4      | Reached skill level 7 in Invocations
  4417 | D:4      | Reached XP level 8. HP: 32/71 MP: 9/13
  4466 | D:4      | Noticed Robin
  4484 | D:4      | Killed Robin
  4889 | D:4      | Reached **** piety under Lugonu
  5227 | D:4      | HP: 3/71 [poisoned by a gnoll]
  5230 | D:4      | HP: 1/71 [poisoned by a gnoll]
  5232 | D:4      | Succumbed to a gnoll's poison

Skill      XL: |  1  2  3  4  5  6  7 |
---------------+----------------------+-----
Fighting       | 4 6 |  6.4
Axes           | 2 3 5 |  5.7
Armour         | 2 3 5 |  5.8
Dodging        | 1 3 |  3.4
Invocations    | 3 7 |  7.6
Throwing       | 4 |  4.2
Evocations     | 3 |  3.4

Action                   |  1- 3 |  4- 6 |  7- 9 || total
-------------------------+-------+-------+-------++-------
Melee: Hand axe          |    34 |   233 |   182 ||   449
       Kick              |     7 |    37 |    43 ||    87
Invok: Depart the Abyss  |     1 |       |       ||     1
  Use: Potion            |     1 |     1 |    10 ||    12
       Scroll            |     1 |    10 |       ||    11
  Eat: Chunk             |       |     7 |     3 ||    10
       Ration            |       |       |     1 ||     1
Armor: Ring mail         |    13 |   151 |   110 ||   274
Dodge: Dodged            |    12 |   134 |    83 ||   229
